 Dungeon Crawl Stone Soup version 0.24.0-1-gfbc8707 (webtiles) character file.

Game seed: 3300034894791629473, levelgen mode: deterministic

3144 TheGoonsmith the Basher (level 9, -1/47 HPs)
             Began as a Vine Stalker Berserker on Oct 28, 2019.
             Was an Elder of Trog.
             Succumbed to a killer bee's poison
             ... on level 8 of the Dungeon.
             The game lasted 00:14:46 (6897 turns).

TheGoonsmith the Basher (Vine Stalker Berserker)    Turns: 6897, Time: 00:14:46

Health: -1/47      AC: 15    Str: 21    XL:     9   Next: 93%
Magic:  10/10      EV:  8    Int:  7    God:    Trog [****..]
Gold:   346        SH:  0    Dex: 16    Spells: 8/8 levels left

rFire    + . .     SeeInvis .   w - +0 flail
rCold    . . .     Gourm    .   A - +0 buckler
rNeg     . . .     Faith    .   p - +0 chain mail
rPois    .         Spirit   +   (no helmet)
rElec    .         Reflect  .   C - +2 cloak
rCorr    .         Harm     .   (no gloves)
MR       +++..                  v - +2 pair of boots
Stlth    ..........             (no amulet)
HPRegen  1.55/turn              h - ring of protection from fire
MPRegen  0.12/turn              (no ring)

@: confused, lethally poisoned (-1 -> -9), berserk cooldown, regenerating,
slowed, very slow
A: fangs 3, regeneration 1, magic shield, antimagic bite, no potion heal 3, rot
immunity
a: Berserk, Trog's Hand, Brothers in Arms, Renounce Religion


You were on level 8 of the Dungeon.
You worshipped Trog.
Trog was greatly pleased with you.
You were not hungry.

You visited 1 branch of the dungeon, and saw 8 of its levels.

You collected 346 gold pieces.

Inventory:

Hand Weapons
 a - a +1 mace
 w - a +0 flail (weapon)
Armour
 b - a +0 animal skin
 f - a scarf of cloud immunity
 o - a +2 shield
 p - a +0 chain mail (worn)
 v - a +2 pair of boots (worn)
 A - a +0 buckler (worn)
 C - a +2 cloak (worn)
Jewellery
 h - a ring of protection from fire (left hand)
 m - a cursed amulet of inaccuracy
 r - an uncursed ring of flight
 J - an uncursed ring of poison resistance {unknown}
Wands
 F - a wand of clouds (8)
Scrolls
 d - a scroll of fear
 e - 4 scrolls of remove curse
 i - 2 scrolls of enchant weapon
 k - 2 scrolls of immolation
 l - a scroll of teleportation
 t - a scroll of fog
 y - 2 scrolls of enchant armour {unknown}
 z - 3 scrolls of identify
 D - a scroll of holy word {unknown}
 G - 3 scrolls of magic mapping
 I - a scroll of vulnerability {unknown}
 K - a scroll of amnesia {unknown}
Potions
 g - 3 potions of flight
 j - 2 potions of might {unknown}
 n - 2 potions of lignification
 q - 4 potions of heal wounds
 s - a potion of ambrosia
 u - 3 potions of curing {unknown}
 x - a potion of brilliance {unknown}
 B - 2 potions of haste {unknown}
 E - a potion of agility {unknown}
Comestibles
 c - 12 rations


   Skills:
 - Level 5.0 Fighting
 + Level 10.6 Maces & Flails
 - Level 3.0 Armour
 - Level 1.5 Dodging
 - Level 4.4 Shields


You had 8 spell levels left.
You didn't know any spells.
Your spell library was empty.

Dungeon Overview and Level Annotations

Branches:
Dungeon (8/15)             Temple (0/1) D:7
   Lair: D:8-11

Altars:
Ashenzari
Dithmenos
Elyvilon
Hepliaklqana
Nemelex Xobeh
Qazlal
Ru
Sif Muna
Trog
Xom
Yredelemnul
The Shining One

Annotations:
D:2 2 transporters
D:3 2 transporters


Innate Abilities, Weirdness & Mutations

You have razor-sharp teeth.
Your natural rate of healing is unusually fast.
When hurt, damage is shared between your health and your magic reserves.
Your bite disrupts and absorbs the magic of your enemies.
Potions cannot restore your health.
You are immune to rotting.


Message History

* * * LOW HITPOINT WARNING * * *
You are more poisoned.
The killer bee poisons you!
Okay, then.
You are confused.
Your system rejects the healing.
You feel invigorated.
You feel the effects of Trog's Hand fading.
* * * LOW HITPOINT WARNING * * *
You feel very sick. The killer bee stings you.
* * * LOW HITPOINT WARNING * * *
You are more poisoned.
The killer bee poisons you! The killer bee stings you.
* * * LOW HITPOINT WARNING * * *
The killer bee stings you but does no damage.
Unknown command.
Unknown command.
Okay, then.
Okay, then.
You die...

#..##...<........#
#.###.........#### ..#
#[........# ###
#.........##########
#.............)....#
#..................#
#####.......>..........#
.................y.....#
##..............@......#
...##.......######.#####
####..#...###
####..###### #
#>###..#####..........#
#.......................#
#..###.....[............#
... #..................#
#.# ##........#####.#####
.#.###...#.##### #.##


You could see a killer bee.

Vanquished Creatures
  A queen bee (D:8)
  A hungry ghost (D:8)
  Menkaure (D:5)
  A phantom (D:7)
  5 ogres
  4 centaurs
  A big kobold (D:6)
  3 bullfrogs
  A wyvern skeleton (D:6)
  5 killer bees (D:8)
  A howler monkey (D:6)
  3 crimson imps
  A bullfrog zombie (D:7)
  4 hounds
  3 orc priests
  2 jellies
  2 bullfrog skeletons
  2 centaur skeletons (D:7)
  An iguana (D:7)
  5 orc wizards
  9 worker ants
  A killer bee zombie (D:6)
  A hound zombie (D:7)
  A worker ant zombie (D:6)
  7 gnolls
  14 adders
  A shadow imp (D:7)
  2 oozes
  An adder zombie (D:6)
  3 adder skeletons
  A worm (D:3)
  2 leopard geckos
  24 orcs
  4 giant cockroaches
  2 gnoll zombies (D:4)
  3 goblins
  13 hobgoblins
  8 jackals
  11 kobolds
  5 quokkas
  3 ball pythons
  12 bats
  3 frilled lizards
  A quokka skeleton (D:8)
  A quokka zombie (D:8)
  13 rats
193 creatures vanquished.

Notes
Turn   | Place    | Note
-------+----------+-------------------------------------------
     0 | D:1      | TheGoonsmith the Vine Stalker Berserker began the quest for
                  | the Orb.
     0 | D:1      | Reached XP level 1. HP: 11/11 MP: 2/2
   254 | D:1      | Reached skill level 3 in Maces & Flails
   255 | D:1      | Reached XP level 2. HP: 12/16 MP: 3/3
   975 | D:1      | Reached XP level 3. HP: 16/20 MP: 2/4
  1288 | D:2      | Reached ** piety under Trog
  1328 | D:2      | Reached skill level 4 in Maces & Flails
  1666 | D:2      | Gained mutation: Your natural rate of healing is unusually
                  | fast. [Vine Stalker growth]
  1666 | D:2      | Reached XP level 4. HP: 19/24 MP: 3/5
  1697 | D:2      | Found a stormy altar of Qazlal.
  1700 | D:2      | Found a transporter.
  1720 | D:2      | Found a transporter.
  2191 | D:3      | Reached skill level 5 in Maces & Flails
  2191 | D:3      | Reached XP level 5. HP: 12/28 MP: 2/6
  2335 | D:3      | Noticed a moth of wrath
  2338 | D:3      | Found a bloodstained altar of Trog.
  2446 | D:3      | Reached *** piety under Trog
  2533 | D:3      | Found a transporter.
  2566 | D:3      | Found a transporter.
  2602 | D:3      | Reached XP level 6. HP: 21/32 MP: 1/7
  3216 | D:4      | Reached skill level 6 in Maces & Flails
  3428 | D:4      | Reached XP level 7. HP: 34/36 MP: 6/8
  3515 | D:4      | Found a glowing golden altar of the Shining One.
  3578 | D:4      | Reached skill level 7 in Maces & Flails
  3889 | D:4      | Found a white marble altar of Elyvilon.
  3890 | D:4      | Found a hazy altar of Hepliaklqana.
  3961 | D:4      | Gained mutation: You have razor-sharp teeth. [Vine Stalker
                  | growth]
  3961 | D:4      | Reached XP level 8. HP: 40/42 MP: 9/9
  4030 | D:4      | Found a basalt altar of Yredelemnul.
  4281 | D:4      | Found a shimmering altar of Xom.
  4281 | D:4      | Found a glowing golden altar of the Shining One.
  4282 | D:4      | Found a shadowy altar of Dithmenos.
  4444 | D:5      | Entered Level 5 of the Dungeon
  4529 | D:5      | Reached **** piety under Trog
  4536 | D:5      | Reached skill level 8 in Maces & Flails
  4726 | D:5      | Noticed Menkaure
  4733 | D:5      | Killed Menkaure
  4733 | D:5      | Reached skill level 5 in Fighting
  4800 | D:5      | Found a sacrificial altar of Ru.
  5087 | D:6      | Reached skill level 1 in Shields
  5093 | D:6      | Reached skill level 9 in Maces & Flails
  5104 | D:6      | Reached XP level 9. HP: 39/47 MP: 10/10
  5121 | D:6      | Identified the cursed +3 trident "Kaskul" {pierce, rF+ rC+
                  | Int+2 Stlth+}
  5358 | D:6      | Found a shimmering blue altar of Sif Muna.
  5703 | D:7      | Found a sparkling altar of Nemelex Xobeh.
  5803 | D:7      | Found a shattered altar of Ashenzari.
  5825 | D:7      | Found a staircase to the Ecumenical Temple.
  5826 | D:7      | Found a faded altar of an unknown god.
  6633 | D:8      | Reached skill level 10 in Maces & Flails
  6840 | D:8      | Noticed a queen bee
  6871 | D:8      | Killed a queen bee
  6896 | D:8      | HP: 2/47 [killer bee (1)]
  6897 | D:8      | Succumbed to a killer bee's poison

Levels and vault maps discovered:
D:1:      roderic_chinese_lattice_arrival, layout_basic
D:2:      layout_rooms, gammafunk_temple_overflow_arena
D:3:      gammafunk_steamed_eel, layout_basic, tgw_trog
D:4:      minmay_thinvault, layout_cave_pods, gammafunk_temple_overflow_pools,
          lemuel_zombie_altar_yredelemnul, gammafunk_temple_overflow_claw,
          tso_metal_star
D:5:      layout_cave_pools, nicolae_ru_the_path_less_chosen, first_ration,
          minmay_statues_item, uniq_menkaure
D:6:      layout_rooms, kennysheep_little_box, minmay_checkerbox
D:7:      layout_layer_cave, overflow_temple_1_default,
          nemelex_xobeh_ov_fountains_minmay, nicolae_temple_entry_ecumenical
D:8:      layout_rooms, marbit_many_paths, fedhas_altar_4, david_nohive_1

Skill      XL: |  1  2  3  4  5  6  7  8  9 |
---------------+----------------------------+-----
Maces & Flails | 3 4 5 6 7 9 10 | 10.6
Fighting       | 3 4 5 |  5.0
Armour         | 3 |  3.0
Shields        | 1 4 |  4.4
Dodging        | |  1.5

Action                   |  1- 3 |  4- 6 |  7- 9 || total
-------------------------+-------+-------+-------++-------
Melee: Mace              |    95 |   182 |   195 ||   472
       Bite              |    19 |    49 |   110 ||   178
       Flail             |       |       |   120 ||   120
Invok: Berserk           |     3 |     4 |    11 ||    18
       Trog's Hand       |       |     1 |     5 ||     6
  Use: Scroll            |       |       |    14 ||    14
       Potion            |       |       |     1 ||     1
 Stab: Sleeping          |       |     2 |       ||     2
  Eat: Ration            |     1 |       |     2 ||     3
       Chunk             |     2 |    10 |    20 ||    32
Armor: Animal skin       |    20 |    27 |       ||    47
       Chain mail        |       |    27 |   195 ||   222
Dodge: Dodged            |    75 |   113 |   144 ||   332
Block: Buckler           |       |       |    66 ||    66
